 Dungeon Crawl Stone Soup version 0.18.1-8-gdd0e5ea (webtiles) character file.

828 deorigin the Basher (level 7, -1/70 HPs)
             Began as an Ogre Berserker on June 5, 2016.
             Was an Elder of Trog.
             Slain by a hound (4 damage)
             ... on level 4 of the Dungeon.
             The game lasted 00:09:49 (5390 turns).

deorigin the Basher (Ogre Berserker)                Turns: 5390, Time: 00:09:49

Health: -1/70      AC:  3    Str: 26    XL:     7   Next: 97%
Magic:  7/7        EV:  5    Int:  6    God:    Trog [****..]
Gold:   204        SH:  0    Dex: 11    Spells: 0 memorised, 6 levels left

rFire  . . .     SeeInvis .     y - +0 giant club
rCold  . . .     Gourm    .     b - +0 animal skin
rNeg   . . .     Faith    .     (shield currently unavailable)
rPois  .         Spirit   .     (helmet restricted)
rElec  .         Dismiss  .     (no cloak)
rCorr  .         Reflect  .     (gloves unavailable)
SustAt .         Harm     .     (boots unavailable)
MR     .....                    (no amulet)
Stlth  +.........               (no ring)
                                k - +3 ring of strength

@: not resistant to hostile enchantments, very unstealthy
A: unfitting armour, tough skin 1
a: Berserk, Trog's Hand, Brothers in Arms, Burn Spellbooks, Renounce Religion


You were on level 4 of the Dungeon.
You worshipped Trog.
Trog was greatly pleased with you.
You were hungry.

You visited 1 branch of the dungeon, and saw 4 of its levels.

You collected 204 gold pieces.

Inventory:

Hand Weapons
 a - a -1 giant spiked club
 s - a +0 flail
 y - a +0 giant club (weapon)
Missiles
 n - 10 poisoned needles
Armour
 b - a +0 animal skin (worn)
Jewellery
 k - a +3 ring of strength (left hand)
Scrolls
 f - 2 scrolls of teleportation {unknown}
 g - a scroll of noise {unknown}
 h - a scroll of amnesia {unknown}
 i - a scroll of remove curse
 j - a scroll of enchant armour {unknown}
 l - 2 scrolls of recharging {unknown}
 m - a scroll of immolation {unknown}
 w - a scroll of identify {unknown}
 x - a scroll of random uselessness {unknown}
Potions
 e - 2 potions of degeneration {unknown}
 o - a potion of magic {unknown}
 p - a potion of brilliance {unknown}
 q - a potion of mutation {unknown}
 t - a potion of might {unknown}
 u - a potion of flight {unknown}
 v - a potion of cancellation {unknown}
 A - a potion of curing {unknown}
Comestibles
 c - 4 bread rations
 d - 5 fruits
 r - 2 royal jellies
 z - 2 chunks of flesh


   Skills:
 - Level 4.0 Fighting
 + Level 11.7 Maces & Flails
 - Level 2.6 Dodging


You had 6 spell levels left.
You didn't know any spells.

Dungeon Overview and Level Annotations

Branches:
Dungeon (4/15)
 Temple: D:4-7

Altars:

Annotations:
D:4 Aquadorian's ghost, amateur KoBe


Innate Abilities, Weirdness & Mutations

You are too large for most types of armour.
You have tough skin (AC +1).


Message History

The hound barely misses you. The hound closely misses you.
The hound bites you but does no damage.
You see here a whip.
Your skin stops crawling.
You feel less resistant to hostile enchantments.
The hound bites you.
* * * LOW HITPOINT WARNING * * *
The hound bites you.
* * * LOW HITPOINT WARNING * * *
You see here 12 stones.
The hound bites you.
* * * LOW HITPOINT WARNING * * *
The hound bites you.
* * * LOW HITPOINT WARNING * * *
There is a stone staircase leading up here.
The hound bites you.
* * * LOW HITPOINT WARNING * * *
The hound bites you.
You die...

....................#
..############..#.[.# ..#
#.##...# ######### #.##...#
........# ##.##...#
....###.#####..######
.##.###.......#....#
.##..###...........#
...#..........#.@..######
....)..........Wh.......##
.>..)....................##
....####..................#
....# ##.................#
....# #....[(...........#
....# #............)....#
....# ##................#
....# #..).............#


You could see a hound and Aquadorian's ghost.

Vanquished Creatures
  Eustachio (D:4)
  Duvessa (D:4)
  2 ogres (D:4)
  A phantom (D:3)
  Dowan (D:4)
  A hound (D:4)
  An iguana (D:4)
  A worker ant (D:4)
  A hound skeleton (D:4)
  3 adders (D:3)
  A shadow imp (D:3)
  4 oozes
  An adder skeleton (D:4)
  9 worms
  3 dart slugs (D:2)
  2 giant geckos
  6 orcs (D:3)
  3 ball pythons
  2 giant cockroaches (D:1)
  6 goblins
  5 hobgoblins
  11 jackals
  11 kobolds
  A quokka (D:1)
  11 bats
  5 giant newts
  A quokka skeleton (D:4)
  15 rats
110 creatures vanquished.

Notes
Turn   | Place    | Note
--------------------------------------------------------------
     0 | D:1      | deorigin the Ogre Berserker began the quest for the Orb.
     0 | D:1      | Reached XP level 1. HP: 24/24 MP: 1/1
    59 | D:1      | Reached XP level 2. HP: 29/32 MP: 2/2
   151 | D:1      | Reached skill level 5 in Maces & Flails
   402 | D:1      | Reached ** piety under Trog
   402 | D:1      | Reached XP level 3. HP: 35/39 MP: 3/3
  1144 | D:2      | Reached skill level 6 in Maces & Flails
  1406 | D:2      | Reached XP level 4. HP: 33/48 MP: 4/4
  1412 | D:2      | Found a faded altar to an unknown god.
  1934 | D:2      | Reached *** piety under Trog
  2554 | D:3      | Reached skill level 7 in Maces & Flails
  2903 | D:3      | Reached XP level 5. HP: 54/54 MP: 5/5
  3170 | D:3      | Reached **** piety under Trog
  3453 | D:4      | Noticed a phantom
  3662 | D:4      | Noticed Aquadorian's ghost (amateur KoBe)
  3721 | D:3      | Killed a phantom
  3721 | D:3      | Reached skill level 8 in Maces & Flails
  3721 | D:3      | Reached XP level 6. HP: 44/62 MP: 6/6
  4217 | D:4      | Reached skill level 9 in Maces & Flails
  4422 | D:4      | Noticed Eustachio
  4438 | D:4      | Killed Eustachio
  4438 | D:4      | Reached skill level 10 in Maces & Flails
  4438 | D:4      | Reached XP level 7. HP: 19/70 MP: 7/7
  4720 | D:4      | Noticed Duvessa
  4720 | D:4      | Noticed Dowan
  4794 | D:4      | Reached skill level 11 in Maces & Flails
  5332 | D:4      | Killed Duvessa
  5339 | D:4      | Killed Dowan
  5390 | D:4      | HP: 3/70 [hound (5)]
  5390 | D:4      | Slain by a hound

Skill      XL: |  1  2  3  4  5  6  7 |
---------------+----------------------+-----
Maces & Flails | 5 6 7 8 10 11 | 11.7
Fighting       | |  4.0
Dodging        | |  2.6

Action                   |  1- 3 |  4- 6 |  7- 9 || total
-------------------------+-------+-------+-------++-------
Melee: Mace              |   147 |   160 |       ||   307
       Flail             |       |    56 |       ||    56
       Giant club        |       |    17 |    31 ||    48
Invok: Berserk           |       |     1 |     2 ||     3
       Trog's Hand       |       |       |     1 ||     1
  Use: Scroll            |       |     1 |     1 ||     2
  Eat: Chunk             |     2 |    11 |     4 ||    17
Armor: Animal skin       |    72 |    73 |    11 ||   156
Dodge: Dodged            |    93 |   136 |    16 ||   245
